 Dungeon Crawl Stone Soup version 0.30-a0-1124-g6e8f0f562f (webtiles) character file.

Game seed: 14029908386488961979

251 pokeman the Magician (level 5, -6/29 HPs)
             Began as a Deep Elf Hedge Wizard on Apr 23, 2023.
             Was an Initiate of Vehumet.
             Mangled by Pikel
             ... wielding a +1 whip of electrocution
              (18 damage)
             ... on level 4 of the Dungeon.
             The game lasted 00:06:50 (4154 turns).

pokeman the Magician (Deep Elf Hedge Wizard)        Turns: 4154, Time: 00:06:51

Health: -6/29      AC:  8    Str:  7    XL:     5   Next: 88%
Magic:  7/16       EV: 13    Int: 21    God:    Vehumet [......]
Gold:   120        SH:  0    Dex: 14    Spells: 9/17 levels left

rFire   . . .        z - +2 dagger (elec)
rCold   . . .        (no shield)
rNeg    + . .        a - +2 robe {rN+}
rPois   .            o - +1 hat
rElec   .            g - scarf {repulsion}
rCorr   .            (no gloves)
SInv    .            b - +2 pair of boots
Will    .....        (no amulet)
Stlth   ++           c - ring of wizardry
HPRegen 0.24/turn    (no ring)
MPRegen 0.15/turn

%: repel missiles, wizardry (x1)
@: no status effects
A: no striking features
a: Renounce Religion


You were on level 4 of the Dungeon.
You worshipped Vehumet.
Vehumet was noncommittal.
You visited 1 branch of the dungeon, and saw 4 of its levels.

You collected 247 gold pieces.
You spent 127 gold pieces at shops.

Inventory:

Hand Weapons
 z - a +2 dagger of electrocution (weapon)
Armour
 a - a +2 robe of positive energy (worn)
 b - a +2 pair of boots (worn)
 g - a scarf of repulsion (worn)
 o - a +1 hat (worn)
Jewellery
 c - a ring of wizardry (left hand)
Wands
 v - a wand of flame (22)
Scrolls
 e - a scroll of poison {unknown}
 j - a scroll of enchant weapon {unknown}
 m - a scroll of silence {unknown}
 n - a scroll of identify {unknown}
 p - 2 scrolls of vulnerability {unknown}
 q - 3 scrolls of fog {unknown}
 s - 4 scrolls of teleportation {unknown}
 t - a scroll of noise {unknown}
 x - a scroll of brand weapon {unknown}
 y - a scroll of torment {unknown}
 A - a scroll of fear {unknown}
 B - a scroll of magic mapping {unknown}
Potions
 d - 3 potions of magic
 f - a potion of berserk rage {unknown}
 h - a potion of flight {unknown}
 i - 2 potions of brilliance {unknown}
 k - a potion of attraction {unknown}
 l - 2 potions of curing {unknown}
 r - 2 potions of might {unknown}
 u - a potion of experience {unknown}
 w - 2 potions of degeneration {unknown}


   Skills:
 + Level 1.1 Fighting
 - Level 1.0 Armour
 - Level 3.0 Dodging
 - Level 3.0 Stealth
 * Level 6.5 Spellcasting
 + Level 2.8 Conjurations
 + Level 1.1 Summonings
 - Level 1.1 Translocations
 - Level 1.1 Air Magic
 - Level 1.0 Poison Magic
 - Level 1.0 Evocations


You had 9 spell levels left.
You knew the following spells:

 Your Spells              Type           Power      Damage    Failure   Level
a - Magic Dart            Conj           72%        1d6       1%          1
b - Mephitic Cloud        Conj/Pois/Air  13%        N/A       6%          3
c - Call Imp              Summ           22%        N/A       3%          2
d - Blink                 Tloc           22%        N/A       3%          2

Your spell library contained the following spells:

 Spells                   Type           Power      Damage    Failure   Level
 Summon Small Mammal      Summ           44%        N/A       2%          1
 Slow                     Hex            24%        N/A       4%          1
 Cigotuvi's Dreadful Rot  Necr/Pois/Air  18%        N/A       4%          2
 Call Canine Familiar     Summ           11%        N/A       8%          3
 Summon Guardian Golem    Hex/Summ       9%         N/A       9%          3
 Inner Flame              Hex/Fire       6%         N/A       12%         3
 Summon Forest            Summ/Tloc      5%         N/A       52%         5
 Yara's Violent Unravell  Hex/Tmut       3%         3d4       67%         5
 Eringya's Noxious Bog    Tmut/Pois      4%         N/A       98%         6
 Enfeeble                 Hex            3%         N/A       100%        7
 Summon Hydra             Summ           5%         N/A       100%        7


Dungeon Overview and Level Annotations

Branches:
Dungeon (4/15)
 Temple: D:4-7

Altars:
Nemelex Xobeh
Vehumet
Xom
The Shining One

Shops:
D:3 *

Annotations:
D:4 Pikel


Message History

Press: ? - help, Shift-Dir - straight line, f - lemure
Aim: a lemure (severely wounded, confused, chance to affect: 77%)
The ball explodes into a vile cloud!
The stinking cloud engulfs the lemure but does no damage.
The lemure is severely wounded.
The stinking cloud engulfs your cerulean imp but does no damage.
Your cerulean imp is severely wounded.
The stinking cloud engulfs Pikel but does no damage.
The grasping roots constrict your cerulean imp!
Your cerulean imp dies!
Your cerulean imp disappears in a puff of smoke!
The grasping roots constrict you.
The lemure is engulfed in noxious fumes.
Unknown command.
Unknown command.
Unknown command.
Unknown command.
Unknown command.
You escape the roots grasp.
Unknown command.
You hit the lemure.
The lemure is severely wounded.
The lemure seems less confused.
The lemure hits you but does no damage.
Pikel is engulfed in noxious fumes.
Pikel appears confused.
Unknown command.
You closely miss the lemure.
The lemure is severely wounded.
The lemure hits you!
Pikel is engulfed in noxious fumes.
Pikel appears confused.
Pikel hits the lemure with a +1 whip of electrocution!
The lemure is killed!
That felt strangely unrewarding.
You strike the helpless Pikel from behind!
You puncture Pikel!
Pikel is lightly wounded.
You barely miss Pikel.
Pikel is lightly wounded.
Pikel hits you but does no damage.
You are electrocuted!!
Ouch! That really hurt!
You die...

..# #.# ##+## ... ##...## #.#
#....)## ### #.# ......>##
##.###.# #####.#
........####...##.####.......
.#
........'.......@K...........
'
........####...##.####.###...
.......## ##.###<# .#
#.....## ### #.# .# ##...##
#.# .# ###+## #.# .# # #.#
#.# .. # #.# ..# ## # ###.##
#


You could see Pikel (confused).

Vanquished Creatures
  An ogre (D:4)
  3 lemures (D:4)
  An iguana (D:4)
  2 orc wizards (D:4)
  An adder (D:2)
  2 worms
  5 orcs (D:4)
  12 ball pythons
  7 bats
  5 endoplasms
  A giant cockroach (D:3)
  4 goblins
  6 hobgoblins
  6 jackals
  A quokka (D:3)
  5 frilled lizards
  5 kobolds
  9 rats
76 creatures vanquished.

Vanquished Creatures (collateral kills)
  A lemure (D:4)
  A worm (D:2)
2 creatures vanquished.

Vanquished Creatures (others)
  2 plants (D:1)
2 creatures vanquished.

Grand Total: 80 creatures vanquished

Notes
Turn   | Place    | Note
-------+----------+-------------------------------------------
     0 | D:1      | pokeman the Deep Elf Hedge Wizard began the quest for the
                  | Orb.
     0 | D:1      | Reached XP level 1. HP: 10/10 MP: 7/7
   256 | D:1      | Reached XP level 2. HP: 15/15 MP: 6/9
   478 | D:1      | Found a faded altar of an unknown god.
   894 | D:2      | Reached skill level 5 in Spellcasting
  1067 | D:2      | Reached XP level 3. HP: 20/20 MP: 8/11
  1071 | D:2      | Learned a level 3 spell: Mephitic Cloud
  1074 | D:2      | Learned a level 2 spell: Call Imp
  1077 | D:2      | Learned a level 2 spell: Blink
  1416 | D:2      | Reached skill level 1 in Armour
  1735 | D:2      | Reached skill level 1 in Fighting
  1984 | D:2      | Found a shimmering altar of Xom.
  2657 | D:3      | Found a radiant altar of Vehumet.
  2667 | D:3      | Reached XP level 4. HP: 20/25 MP: 4/13
  2768 | D:3      | Became a worshipper of Vehumet
  3007 | D:3      | Found Nidwute's Assorted Antiques.
  3010 | D:3      | Bought a glowing grey potion for 23 gold pieces
  3010 | D:3      | Bought a scroll labelled VAOZUY LIFAOX for 26 gold pieces
  3010 | D:3      | Bought a scroll labelled UKAUNO XESIDDEIQOI for 26 gold
                  | pieces
  3010 | D:3      | Bought a scroll labelled TACVUOTIOLU for 26 gold pieces
  3010 | D:3      | Bought a scroll labelled TACVUOTIOLU for 26 gold pieces
  3406 | D:4      | Found a glowing golden altar of the Shining One.
  3679 | D:4      | Noticed a lemure
  3680 | D:4      | Noticed a lemure
  3681 | D:4      | Noticed Pikel
  3682 | D:4      | Noticed a lemure
  3682 | D:4      | Noticed a lemure
  3683 | D:4      | Noticed an ogre
  3690 | D:4      | Killed an ogre
  3691 | D:4      | Reached skill level 6 in Spellcasting
  3691 | D:4      | Reached XP level 5. HP: 29/29 MP: 7/15
  3701 | D:4      | Killed a lemure
  3737 | D:4      | Reached skill level 1 in Poison Magic
  3737 | D:4      | Reached skill level 1 in Evocations
  3898 | D:4      | Found a sparkling altar of Nemelex Xobeh.
  3910 | D:4      | Reached skill level 1 in Air Magic
  4127 | D:4      | Killed a lemure
  4137 | D:4      | Killed a lemure
  4151 | D:4      | Killed a lemure
  4154 | D:4      | Mangled by Pikel

Illustrated notes

Levels and vault maps discovered:
D:1:      eino_arrival_water_cross, layout_loops_ring,
          hellmonk_ecumenical_altar_slurped_away, minmay_tripent
D:2:      layout_basic, basic_altar
D:3:      layout_rooms, vehumet_altar_wand_db, serial_shops,
          nicolae_shop_real_fake_doors
D:4:      layout_loops_corners, lemuel_tele_altar,
          nicolae_overflow_crystal_walls, zin_purify, uniq_pikel

Skill      XL: |  1  2  3  4  5 |
---------------+----------------+-----
Spellcasting   | 5 6 |  6.5
Armour         | 1 |  1.0
Fighting       | 1 |  1.1
Conjurations   | 2 |  2.8
Dodging        | 3 |  3.0
Stealth        | 3 |  3.0
Poison Magic   | 1 |  1.0
Evocations     | 1 |  1.0
Air Magic      | 1 |  1.1
Summonings     | |  1.1
Translocations | |  1.1

Action                     |  1- 3 |  4- 6 || total
---------------------------+-------+-------++-------
  Melee: Dagger            |     7 |    34 ||    41
         Punch             |       |     1 ||     1
   Cast: Magic Dart        |   122 |    49 ||   171
         Call Imp          |     1 |     3 ||     4
         Mephitic Cloud    |       |    12 ||    12
         Blink             |       |     1 ||     1
   Stab: Sleeping          |     1 |       ||     1
         Confused          |       |     4 ||     4
 Armour: Robe              |     5 |     8 ||    13
  Dodge: Dodged            |    19 |    11 ||    30

Table legend: (Time is in decaauts)
 A = Elapsed time spent in this place.
 B = Non-inter-level travel time spent in this place.
 C = Inter-level travel time spent in this place.
 D = Time resting spent in this place.
 E = Time spent auto-exploring this place.
 F = Levels seen in this place.
 G = Mean time per level.
                   A        B        C        D        E       F      G
               +--------+--------+--------+--------+--------+-----+--------+
         Total |   4152 |   4100 |     52 |    229 |   3339 |   4 | 1038.0 |
       Dungeon |   4152 |   4100 |     52 |    229 |   3339 |   4 | 1038.0 |
               +--------+--------+--------+--------+--------+-----+--------+

Top non-repeatable levels by time:
     D:2: 1411 daAuts
     D:4: 1010 daAuts
     D:1: 891 daAuts
     D:3: 839 daAuts
